 Dungeon Crawl Stone Soup version 0.17-a0-1646-geb1493d (webtiles) character file.

14035 maniek23 the Spear-Bearer (level 12, 0/91 HPs)
             Began as a Merfolk Skald on Aug 9, 2015.
             Was the Champion of Ru.
             Killed from afar by an orc sorcerer (14 damage)
             ... with a bolt of negative energy
             ... while paralysed by an orc sorcerer
             ... on level 4 of the Orcish Mines.
             The game lasted 01:02:42 (12876 turns).

maniek23 the Spear-Bearer (Merfolk Skald)          Turns: 12876, Time: 01:02:42

Health: 0/91       AC:  7    Str: 20    XL:     12   Next: 12%
Magic:  0/21       EV:  2    Int: 12    God:    Ru [******]
Gold:   823        SH:  0    Dex: 23    Spells: 5 memorised, 13 levels left

rFire  x . .     SeeInvis +     a - +10 battleaxe of Caczeo {freeze, rC+ Str+6 SInv}
rCold  . . .     Clarity  .     y - +0 troll leather armour
rNeg   . . .     SustAt   .     (no shield)
rPois  .         Gourm    .     F - +0 helmet
rElec  .         Spirit   +     (no cloak)
rCorr  .         Warding  .     V - +0 pair of gloves
rMut   .         Stasis   .     X - +0 pair of boots
MR     .....                    m - amulet of guardian spirit
Stlth  ++........               Y - +3 ring of dexterity
                                G - +4 ring of dexterity

@: paralysed, lethally poisoned (0 -> -5), heavily drained, not resistant to
hostile enchantments, unstealthy
A: change form in water, swift swim, inability to use devices, missing an eye,
temperature sensitive
a: Draw Out Power, Power Leap, Apocalypse, Renounce Religion


You were on level 4 of the Orcish Mines.
You worshipped Ru.
Ru was exalted by your worship.
You were very hungry.

You visited 3 branches of the dungeon, and saw 15 of its levels.
You also visited: Ossuary.

You collected 1015 gold pieces.
You spent 192 gold pieces at shops.

Inventory:

Hand weapons
 a - the +10 battleaxe of Caczeo (weapon) {freeze, rC+ Str+6 SInv}
   (You found it on level 6 of the Dungeon)

   It has been specially enchanted to freeze those struck by it, causing extra
   injury to most foes and up to half again as much damage against particularly
   susceptible opponents.
   It can also slow down cold-blooded creatures.
   It affects your strength (+6).
   It protects you from cold.
   It lets you see invisible.
 b - the +7 long sword of Temperance {flame, MR+}
   (You found it on level 4 of the Dungeon)

   It has been specially enchanted to burn those struck by it, causing extra
   injury to most foes and up to half again as much damage against particularly
   susceptible opponents.
   Big, fiery blades are also staple armaments of hydra-hunters.
   It affects your resistance to hostile enchantments.
 h - a +0 trident of protection
 D - a +1 vampiric spear
 S - the +1 long sword "Uxieduic" {flame, +Blink rC+ MR+ Dex+3}
   (You found it on level 8 of the Dungeon)

   It has been specially enchanted to burn those struck by it, causing extra
   injury to most foes and up to half again as much damage against particularly
   susceptible opponents.
   Big, fiery blades are also staple armaments of hydra-hunters.
   It affects your dexterity (+3).
   It protects you from cold.
   It affects your resistance to hostile enchantments.
   It lets you blink.
Missiles
 p - 6 throwing nets (quivered)
Armour
 y - a +0 troll leather armour (worn)
 z - a +1 leather armour of magic resistance
 F - a +0 helmet (worn)
 V - a +0 pair of gloves (worn)
 X - a +0 pair of boots (worn)
Jewellery
 m - an amulet of guardian spirit (around neck)
 C - an uncursed ring of ice
 G - a +4 ring of dexterity (left hand)
 H - an uncursed ring of protection from cold
 Y - a +3 ring of dexterity (right hand)
Scrolls
 f - a scroll of random uselessness {unknown}
 g - 6 scrolls of remove curse
 l - 2 scrolls of blinking
 o - a scroll of noise {unknown}
 q - 6 scrolls of teleportation
 r - a scroll of fear {unknown}
 s - 2 scrolls of magic mapping
 u - a scroll of fog
 x - a scroll of enchant armour
 A - a scroll of amnesia {unknown}
 M - 5 scrolls of immolation
 Z - a scroll of enchant weapon {unknown}
Potions
 e - 2 potions of lignification
 i - 2 potions of brilliance
 j - 2 potions of haste {unknown}
 k - a potion of cancellation
 n - 6 potions of agility
 t - 6 potions of curing
 w - a potion of heal wounds
 K - 3 potions of flight
 L - 4 potions of invisibility
 O - a potion of berserk rage {unknown}
 P - a potion of magic {unknown}
 T - 2 potions of poison {unknown}
 U - 2 potions of mutation
Books
 c - a book of Battle

   Spells                             Type                      Level
   a - Infusion                       Charms                       1
   b - Shroud of Golubria             Charms/Translocation         2
   c - Song of Slaying                Charms                       2
   d - Spectral Weapon                Hexes/Charms                 3
   e - Regeneration                   Charms/Necromancy            3
 v - a book of Changes

   Spells                             Type                      Level
   a - Beastly Appendage              Transmutation                1
   b - Sticks to Snakes               Transmutation                2
   c - Spider Form                    Transmutation/Poison         3
   d - Ice Form                       Ice/Transmutation            4
   e - Blade Hands                    Transmutation                5
 B - a Necronomicon

   Spells                             Type                      Level
   a - Haunt                          Necromancy/Summoning         7
   b - Borgnjor's Revivification      Necromancy                   8
   c - Death's Door                   Charms/Necromancy            8
   d - Necromutation                  Transmutation/Necromancy     8
 W - a book of Spatial Translocations

   Spells                             Type                      Level
   a - Apportation                    Translocation                1
   b - Blink                          Translocation                2
   c - Shroud of Golubria             Charms/Translocation         2
   d - Portal Projectile              Translocation                3
   e - Teleport Other                 Translocation                3
   f - Passage of Golubria            Translocation                4
Comestibles
 d - 11 bread rations
 I - 2 slices of pizza
 J - 4 meat rations
 N - a fruit
 R - 6 royal jellies


   Skills:
 + Level 7.5(5.9) Fighting
 + Level 3.6(4.2) Axes
 + Level 11.6(10.4) Polearms
 - Level 1.5(0.2) Armour
 * Level 10.1(8.4) Dodging
 + Level 6.6(5.0) Spellcasting
 - Level 6.1(4.5) Hexes
 + Level 9.6(7.9) Charms
 - Level 2.0(0.6) Necromancy
 + Level 3.5(2.0) Translocations


You had 13 spell levels left.
You knew the following spells:

 Your Spells              Type           Power        Failure   Level  Hunger
a - Infusion              Chrm           ###...       1%          1    None
b - Shroud of Golubria    Chrm/Tloc      ###.......   6%          2    ##.....
c - Regeneration          Chrm/Necr      ##........   14%         3    ###....
d - Spectral Weapon       Hex/Chrm       ###.....     6%          3    ###....
e - Blink                 Tloc           N/A          17%         2    ##.....


Dungeon Overview and Level Annotations

Branches:
Dungeon (10/15)            Temple (1/1) D:7            Lair (0/8) D:9
    Orc (4/4) D:9             Elf (0/3) Orc:3

Altars:
Ashenzari
Cheibriados
Dithmenos
Elyvilon
Fedhas
Gozag
Kikubaaqudgha
Makhleb
Nemelex Xobeh
Okawaru
Qazlal
Ru
Sif Muna
Trog
Vehumet
Xom
Yredelemnul
Zin
The Shining One

Shops:
Orc:2 [   Orc:3 *   Orc:4 (

Annotations:
Orc:4 Chiseanne's ghost, powerful DsFi


Innate Abilities, Weirdness & Mutations

You revert to your normal form in water.
You are very nimble and swift while swimming.
You cannot study or use magical devices.
You are missing an eye, making it more difficult to aim.
You are sensitive to extremes of temperature (rF-, rC-).


Message History

The orcs go into a battle-frenzy!
The orc priest begins to pray, but is stunned by your will!
The orc warrior shouts!
You feel sick.
You redirect the orc warrior's attack!
The orc warrior hits the troll with a mace of venom!
The troll is poisoned.
The orc warrior hits you with a hand axe!!
You focus your will and paralyse the orc warrior in retribution!
The ogre hits you but does no damage. The troll bites you!
You focus your will and illuminate the troll in retribution!
The troll claws you. The troll claws you but does no damage.
The smoke demon gestures at you. Something smites you!
* * * LOW HITPOINT WARNING * * *
You feel sick. The blue devil hits you!
* * * LOW HITPOINT WARNING * * *
The orc sorcerer points at you and mumbles some strange words.
The bolt of negative energy hits you!
You feel drained.
You die...

...............
#..........o...
#........$..o..
.......3.o..o..
..........o....
......oo.3o....
#......oTo.....
.......@.......
#.#...oO4o.....
#.......4o....
.......[÷.o$...
............[..
.#.........)...
..#.....#..[..÷
......$......[÷
............)..


You could see an orc warlord, an orc knight (frenzied), an ice devil, an orc
high priest (frenzied), an orange demon, a troll, a smoke demon, a blue devil,
an orc sorcerer (frenzied), 6 orc warriors, an ogre, an orc priest (frenzied)
and 3 orcs.

Vanquished Creatures
  Maud (D:10)
  Fannar (Orc:1)
  An orc high priest (Orc:4)
  The ghost of maniek23 the Spear-Bearer, an experienced MfSk of Ru (D:7)
  An unseen horror (D:7)
  A hill giant (D:10)
  An orc knight (Orc:4)
  Pikel (D:7)
  An orc sorcerer (Orc:4)
  A gargoyle (D:10)
  3 trolls
  A trapdoor spider (D:10)
  A wyvern (D:7)
  Eustachio (D:4)
  2 hungry ghosts
  4 wargs
  4 giant frogs
  A water moccasin (D:7)
  12 orc warriors
  A slave (D:7)
  5 ogres
  3 ice beasts
  4 centaurs
  5 phantoms
  2 sky beasts (D:7)
  An elf zombie (D:7)
  2 water moccasin zombies (Ossuary)
  3 elf skeletons (D:7)
  3 killer bees (D:10)
  A wyvern skeleton (D:9)
  5 scorpions
  3 spriggan skeletons (D:10)
  A troll skeleton (D:10)
  5 wights (D:10)
  A quasit (D:8)
  2 electric eels (D:7)
  3 crimson imps
  A wasp zombie (D:6)
  24 orc wizards
  3 hounds
  A human zombie (D:7)
  3 iguanas
  9 orc priests
  4 centaur skeletons
  7 worker ants
  3 big kobold zombies (Ossuary)
  A hound skeleton (D:4)
  2 mummies (Ossuary)
  Robin (D:3)
  7 adders
  8 gnolls
  An ooze (D:2)
  An adder skeleton (D:4)
  8 adder zombies (Ossuary)
  5 worms
  119 orcs
  2 ball pythons
  6 bats
  3 giant cockroaches
  4 gnoll zombies (Ossuary)
  15 goblins
  9 hobgoblins
  8 jackals
  2 kobolds
  5 quokkas
  4 giant geckos
  5 giant newts
  2 hobgoblin zombies (Ossuary)
  A jackal zombie (D:8)
  3 kobold zombies (Ossuary)
  An orc skeleton (D:7)
  4 orc zombies (Ossuary)
  4 rats
  5 fungi (Orc:4)
  A plant (D:2)
381 creatures vanquished.

Vanquished Creatures (others)
  An orc warrior (D:7)
  A slave (D:7)
  A crocodile (D:8)
  2 goblins (D:3)
  An orc zombie (Ossuary)
  A fungus (Orc:4)
7 creatures vanquished.

Grand Total: 388 creatures vanquished

Notes
Turn   | Place    | Note
--------------------------------------------------------------
     0 | D:1      | maniek23 the Merfolk Skald began the quest for the Orb.
     0 | D:1      | Reached XP level 1. HP: 16/16 MP: 3/3
   353 | D:1      | Reached XP level 2. HP: 21/23 MP: 5/5
   855 | D:2      | Learned a level 2 spell: Shroud of Golubria
   881 | D:2      | Reached XP level 3. HP: 19/28 MP: 2/6
  1225 | D:2      | Reached skill level 4 in Polearms
  1225 | D:2      | Reached skill level 1 in Armour
  1302 | D:2      | Reached XP level 4. HP: 19/34 MP: 2/7
  1592 | D:2      | Found a sacrificial altar of Ru.
  1664 | D:2      | Became a worshipper of Ru the Awakened
  2026 | D:2      | Found an ancient bone altar of Kikubaaqudgha.
  2042 | D:2      | Found a shimmering altar of Xom.
  2044 | D:2      | Found a shadowy altar of Dithmenos.
  2428 | D:3      | Reached skill level 5 in Polearms
  2515 | D:3      | Reached XP level 5. HP: 21/40 MP: 3/8
  2678 | D:3      | Learned a level 3 spell: Regeneration
  3215 | D:3      | Gained mutation: You are sensitive to extremes of temperature (rF-, rC-). [Ru sacrifice]
  3215 | D:3      | Acquired Ru's first power
  3215 | D:3      | Acquired Ru's second power
  3215 | D:3      | Acquired Ru's third power
  3654 | D:3      | Noticed Robin
  3707 | D:3      | Killed Robin
  3893 | D:4      | Learned a level 3 spell: Spectral Weapon
  3907 | D:4      | Noticed Eustachio
  3945 | D:4      | Killed Eustachio
  3945 | D:4      | Reached skill level 6 in Polearms
  3945 | D:4      | Reached skill level 1 in Necromancy
  3945 | D:4      | Reached XP level 6. HP: 19/47 MP: 0/10
  4137 | D:4      | Got an ichor-stained long sword
  4170 | D:4      | Reached skill level 1 in Hexes
  4527 | D:4      | Reached XP level 7. HP: 26/52 MP: 7/11
  4865 | D:5      | Entered Level 5 of the Dungeon
  5342 | D:5      | Found a stormy altar of Qazlal.
  5381 | D:5      | Found a basalt altar of Yredelemnul.
  5785 | D:6      | Reached skill level 7 in Polearms
  5785 | D:6      | Reached XP level 8. HP: 27/60 MP: 4/12
  5889 | D:6      | Gained mutation: You cannot study or use magical devices. [Ru sacrifice]
  5889 | D:6      | Acquired Ru's fourth power
  5889 | D:6      | Acquired Ru's fifth power
  6041 | D:6      | Got a crystal battleaxe
  6114 | D:6      | Reached skill level 5 in Charms
  6612 | D:7      | Found a sand-covered staircase.
  6712 | Ossuary  | Entered an ossuary
  6717 | Ossuary  | Identified the +10 battleaxe of Caczeo {freeze, rC+ Str+6 SInv} (You found it on level 6 of the Dungeon)
  6718 | Ossuary  | Identified the +7 long sword of Temperance {flame, MR+} (You found it on level 4 of the Dungeon)
  6787 | Ossuary  | Reached skill level 8 in Polearms
  6924 | D:7      | Reached skill level 5 in Dodging
  7089 | D:7      | Noticed maniek23's ghost (experienced MfSk)
  7115 | D:7      | Killed maniek23's ghost
  7115 | D:7      | Reached skill level 9 in Polearms
  7115 | D:7      | Reached XP level 9. HP: 27/66 MP: 6/15
  7321 | D:7      | Noticed Pikel
  7329 | D:7      | Killed Pikel
  7333 | D:7      | Reached skill level 5 in Fighting
  7341 | D:7      | Found a deep blue altar of Sif Muna.
  7392 | D:7      | Reached skill level 5 in Hexes
  7731 | D:7      | Found a staircase to the Ecumenical Temple.
  7764 | D:7      | Noticed an unseen horror
  7778 | D:7      | Killed an unseen horror
  7778 | D:7      | Reached XP level 10. HP: 58/74 MP: 13/17
  7781 | D:7      | Reached skill level 10 in Polearms
  7796 | Temple   | Entered the Ecumenical Temple
  7961 | D:7      | Gained mutation: You are missing an eye, making it more difficult to aim. [Ru sacrifice]
  8230 | D:7      | Learned a level 2 spell: Blink
  8505 | D:8      | Reached skill level 5 in Spellcasting
  8519 | D:8      | Got a polished long sword
  8520 | D:8      | Identified the cursed +1 long sword "Uxieduic" {flame, +Blink rC+ MR+ Dex+3} (You found it on level 8 of the Dungeon)
  8988 | D:9      | Reached skill level 1 in Axes
  8988 | D:9      | Reached skill level 1 in Translocations
  9014 | D:9      | Found a staircase to the Lair.
  9063 | D:9      | Noticed a deep elf conjurer
  9100 | D:9      | Noticed an unseen horror
  9101 | D:9      | Noticed an eight-headed hydra
  9102 | D:9      | Noticed a hill giant
  9179 | D:9      | Found a staircase to the Orcish Mines.
  9371 | D:9      | Found a burning altar of Makhleb.
  9579 | D:10     | Entered Level 10 of the Dungeon
  9579 | D:10     | Noticed Maud
  9597 | D:10     | Killed Maud
  9597 | D:10     | Reached XP level 11. HP: 64/83 MP: 13/19
  9912 | D:10     | Noticed a hill giant
  9986 | D:10     | Killed a hill giant
 10271 | D:10     | Reached skill level 11 in Polearms
 10711 | Orc:1    | Entered Level 1 of the Orcish Mines
 10712 | Orc:1    | Noticed Fannar
 10727 | Orc:1    | Killed Fannar
 10748 | Orc:1    | Found a burning altar of Makhleb.
 10929 | Orc:2    | Found Pyptaug's Armour Shoppe.
 10952 | Orc:2    | Bought a +0 pair of gloves for 72 gold pieces
 11462 | Orc:3    | Found a staircase to the Elven Halls.
 11498 | Orc:3    | Found Waonwa's General Store.
 11506 | Orc:3    | Bought a scroll of enchant armour for 120 gold pieces
 12068 | Orc:4    | Entered Level 4 of the Orcish Mines
 12077 | Orc:4    | Noticed an orc knight
 12122 | Orc:4    | Killed an orc knight
 12354 | Orc:4    | Noticed Chiseanne's ghost (powerful DsFi)
 12360 | Orc:4    | Found Hyif's Antique Weapon Shop.
 12566 | Orc:4    | Paralysed by an orc sorcerer for 3 turns
 12572 | Orc:4    | Noticed an orc high priest
 12572 | Orc:4    | Reached XP level 12. HP: 44/91 MP: 9/21
 12572 | Orc:4    | Killed an orc high priest
 12572 | Orc:4    | Reached skill level 10 in Dodging
 12574 | Orc:4    | Noticed an orc warlord
 12574 | Orc:4    | Noticed an orc knight
 12872 | Orc:4    | Noticed an orc high priest
 12872 | Orc:4    | Paralysed by an orc sorcerer for 6 turns
 12876 | Orc:4    | Killed from afar by an orc sorcerer

Vault maps used:
D:1:      enne_arrival_octagon_isle, nrook_loot_triangle
D:2:      minitemple, nicolae_ru_the_path_less_chosen, serial_corexii_hall,
          corexii_hall_statues_t, corexii_hall_statues_i,
          corexii_hall_statues_l, corexii_hall_statues_i
D:3:      kennysheep_goblin_castle, first_bread
D:4:      uniq_eustachio, uniq_robin
D:5:      yredelemnul_altar_generic, grunt_qazlal_sundering,
          kennysheep_another_room
D:7:      kennysheep_orc_sif_temple, minmay_temple_entry_purple_smoke,
          nicolae_ossuary_entry_catacombs, minivault_14, uniq_pikel
D:9:      lemuel_doored_altar, erik_lair_orcish_takeover, orc_0_dummy,
          onia_ninara_dug_in_and_dangerous
D:10:     hangedman_tell_no_tales, minmay_misc_feat_roman, uniq_maud
Temple:   circular_temple_12
Orc:1:    basic_altar, bloody_makhleb, uniq_fannar, uniq_gastronok
Orc:2:    serial_shops, shop
Orc:3:    serial_shops, shop_fountains, nicolae_orc_pool_cavern
Orc:4:    grunt_orc_gardens, grunt_orc_garden, grunt_orc_garden,
          grunt_orc_garden, grunt_orc_garden
Ossuary:  ossuary_tomb_2

Action                   |  1- 3 |  4- 6 |  7- 9 | 10-12 || total
-------------------------+-------+-------+-------+-------++-------
Melee: Spear             |    97 |   487 |   314 |       ||   898
       Battleaxe         |       |       |   149 |   435 ||   584
       Long sword        |       |       |       |     7 ||     7
 Cast: Infusion          |     1 |     3 |     3 |     3 ||    10
       Shroud of Golubri |     1 |     8 |     7 |    10 ||    26
       Spectral Weapon   |       |     1 |     2 |     2 ||     5
       Regeneration      |       |       |     1 |     6 ||     7
Invok: Sacrifice Resista |       |     1 |       |       ||     1
       Sacrifice Artific |       |       |     1 |       ||     1
       Draw Out Power    |       |       |       |     1 ||     1
       Sacrifice an Eye  |       |       |       |     1 ||     1
       Power Leap        |       |       |       |     4 ||     4
       Apocalypse        |       |       |       |     2 ||     2
  Use: Scroll            |       |     2 |     7 |     9 ||    18
       Potion            |       |       |     2 |     2 ||     4
 Stab: Sleeping          |     3 |     2 |     8 |     5 ||    18
       Invisible         |       |     1 |     2 |     4 ||     7
       Paralysed         |       |       |     1 |    15 ||    16
       Distracted        |       |       |     1 |     2 ||     3
  Eat: Chunk             |     1 |     9 |    12 |    19 ||    41
       Bread ration      |       |     1 |       |       ||     1
       Pizza             |       |     1 |       |       ||     1
       Beef jerky        |       |     1 |       |       ||     1
       Fruit             |       |       |       |     2 ||     2
